[ AOE2 MATCH · #482194437 ]
UnrankedLithuanians vs Vietnamese
[ REPLAY ANALYSIS · EXTRACTED FROM THE RECORDED GAME ]
Feudal
8:43
Castle
22:27
Imperial
40:23
| APM avg | 23.6 |
| APM peak | 53 |
| eAPM avg | 10.9 |
| Villagers / military | 99 / 78 |
Focus
⚔️ 23.0% · 🌾 77.0%
Knight ×70 · Monk ×4 · Scout Cavalry ×4
Feudal
10:08
Castle
21:52
Imperial
39:08
| APM avg | 40.6 |
| APM peak | 81 |
| eAPM avg | 18.0 |
| Villagers / military | 123 / 134 |
Focus
⚔️ 35.0% · 🌾 65.0%
Archer ×104 · Rattan Archer ×23 · Spearman ×4 · Skirmisher ×2 · Monk ×1
Feudal
10:04
Castle
27:39
Imperial
—
| APM avg | 28.5 |
| APM peak | 73 |
| eAPM avg | 14.3 |
| Villagers / military | 113 / 79 |
Focus
⚔️ 33.7% · 🌾 66.3%
Archer ×71 · Skirmisher ×5 · Shotel Warrior ×3
Feudal
11:06
Castle
43:31
Imperial
—
| APM avg | 13.8 |
| APM peak | 38 |
| eAPM avg | 9.6 |
| Villagers / military | 62 / 9 |
Focus
⚔️ 12.8% · 🌾 87.2%
Spearman ×9
Feudal
10:35
Castle
21:28
Imperial
—
| APM avg | 52.4 |
| APM peak | 106 |
| eAPM avg | 29.6 |
| Villagers / military | 73 / 180 |
Focus
⚔️ 38.5% · 🌾 61.5%
Eagle Scout ×173 · Battering Ram ×5 · Spearman ×2
Feudal
12:13
Castle
25:45
Imperial
—
| APM avg | 35.4 |
| APM peak | 63 |
| eAPM avg | 21.2 |
| Villagers / military | 110 / 168 |
Focus
⚔️ 39.0% · 🌾 61.0%
Archer ×79 · Mameluke ×39 · Knight ×14 · Spearman ×9 · Scout Cavalry ×7 · Petard ×6
Match map
Initial resources + every placement click. Lines = walls · curves = elevation contours. ◆ gold · ⬟ stone · ● berries · ✦ relic · ◌ wall gap
Your base· Open — unwalled flank
Minmaj's base· Open — unwalled flank
ThePiper's base· Open — 7t gap
Anne d'autriche's base· Open — unwalled flank
Arminius's base· Open — unwalled flank
Lamy's Back's base· Open — 5t gap
Smoothed initial terrain · ◌ = detected wall gap · hover for details
Inputs per minute
— Hinbin - - Minmaj
Build order — Hinbin
First 150 of 221 actions detected
| 0:00 | Create | Villager (Male) |
| 0:01 | Create | Villager (Male) |
| 0:01 | Create | Villager (Male) |
| 0:01 | Create | Villager (Male) |
| 0:03 | Build | House |
| 0:06 | Build | House |
| 0:41 | Create | Villager (Male) |
| 0:42 | Create | Villager (Male) |
| 1:33 | Create | Villager (Male) |
| 2:06 | Build | Lumber Camp |
| 2:09 | Create | Villager (Male) |
| 2:38 | Create | Villager (Male) |
| 3:00 | Create | Villager (Male) |
| 3:00 | Create | Villager (Male) |
| 3:30 | Create | Villager (Male) |
| 3:56 | Build | House |
| 4:23 | Build | Mill |
| 4:44 | Create | Villager (Male) |
| 4:45 | Create | Villager (Male) |
| 4:45 | Create | Villager (Male) |
| 4:58 | Create | Villager (Male) |
| 5:46 | Research | Loom |
| 6:33 | Research | Feudal Age |
| 7:28 | Create | Villager (Male) |
| 7:43 | Build | Barracks |
| 7:48 | Build | House |
| 8:06 | Create | Villager (Male) |
| 8:06 | Create | Villager (Male) |
| 8:43 | Age | Feudal Age |
| 8:50 | Build | Stable |
| 10:02 | Build | Mill |
| 10:09 | Create | Villager (Male) |
| 10:10 | Create | Villager (Male) |
| 10:10 | Create | Villager (Male) |
| 10:14 | Create | Scout Cavalry |
| 10:15 | Create | Scout Cavalry |
| 10:19 | Build | House |
| 10:21 | Build | House |
| 10:30 | Research | Double-Bit Axe |
| 10:39 | Research | Horse Collar |
| 11:13 | Create | Villager (Male) |
| 11:21 | Build | Farm |
| 11:23 | Build | Farm |
| 11:29 | Create | Villager (Male) |
| 11:32 | Create | Villager (Male) |
| 11:44 | Create | Scout Cavalry |
| 12:00 | Build | Farm |
| 12:07 | Build | Farm |
| 12:10 | Build | Farm |
| 12:14 | Create | Villager (Male) |
| 12:40 | Build | Blacksmith |
| 12:52 | Build | Farm |
| 13:08 | Create | Scout Cavalry |
| 13:14 | Build | House |
| 13:19 | Build | Farm |
| 13:26 | Create | Villager (Male) |
| 13:26 | Create | Villager (Male) |
| 13:46 | Build | Farm |
| 13:58 | Build | Mining Camp |
| 14:13 | Research | Forging |
| 14:23 | Create | Villager (Male) |
| 14:58 | Research | Scale Barding Armor |
| 15:40 | Create | Villager (Male) |
| 15:41 | Create | Villager (Male) |
| 16:02 | Create | Villager (Male) |
| 16:09 | Build | Farm |
| 16:10 | Build | Farm |
| 16:10 | Build | Farm |
| 16:10 | Build | Farm |
| 17:13 | Create | Villager (Male) |
| 17:14 | Create | Villager (Male) |
| 17:14 | Create | Villager (Male) |
| 17:14 | Create | Villager (Male) |
| 17:14 | Create | Villager (Male) |
| 17:20 | Build | Farm |
| 17:21 | Build | Farm |
| 17:21 | Build | Farm |
| 17:21 | Build | Farm |
| 17:21 | Build | Farm |
| 18:00 | Build | House |
| 18:01 | Build | House |
| 18:09 | Build | Farm |
| 19:11 | Create | Villager (Male) |
| 19:47 | Research | Castle Age |
| 21:23 | Build | House |
| 21:49 | Research | Bloodlines |
| 22:06 | Build | House |
| 22:07 | Build | House |
| 22:19 | Research | Wheelbarrow |
| 22:27 | Age | Castle Age |
| 22:35 | Build | Town Center |
| 22:52 | Build | Town Center |
| 23:06 | Create | Villager (Male) ×5 |
| 23:20 | Build | Monastery |
| 23:41 | Build | Farm |
| 23:44 | Build | Farm |
| 23:45 | Build | Farm |
| 23:45 | Build | Farm |
| 23:57 | Create | Knight |
| 23:57 | Create | Knight |
| 24:21 | Create | Monk |
| 24:22 | Create | Monk |
| 24:34 | Build | Farm |
| 24:39 | Research | Chain Barding Armor |
| 24:54 | Create | Villager (Male) |
| 24:54 | Create | Villager (Male) |
| 24:55 | Create | Villager (Male) |
| 24:56 | Create | Villager (Male) |
| 24:59 | Create | Villager (Male) |
| 24:59 | Create | Villager (Male) |
| 25:19 | Create | Knight |
| 25:45 | Build | Stable |
| 25:47 | Create | Villager (Male) ×5 |
| 25:49 | Create | Villager (Male) ×5 |
| 26:25 | Build | Farm |
| 26:28 | Create | Knight |
| 26:55 | Create | Knight |
| 26:55 | Create | Knight |
| 27:15 | Create | Knight |
| 27:46 | Create | Knight |
| 27:47 | Create | Knight |
| 28:27 | Research | Iron Casting |
| 29:11 | Create | Knight |
| 29:11 | Create | Knight |
| 29:14 | Create | Villager (Male) ×5 |
| 29:14 | Create | Villager (Male) ×5 |
| 29:14 | Create | Villager (Male) ×5 |
| 29:52 | Create | Knight |
| 29:52 | Create | Knight |
| 30:03 | Create | Villager (Male) ×5 |
| 30:12 | Build | Farm |
| 30:16 | Build | Farm |
| 30:17 | Create | Monk |
| 30:18 | Create | Monk |
| 30:23 | Build | House |
| 30:24 | Build | House |
| 30:25 | Build | House |
| 30:26 | Build | House |
| 30:29 | Build | Farm |
| 30:35 | Build | Farm |
| 30:35 | Build | Farm |
| 30:36 | Build | Farm |
| 30:36 | Build | Farm |
| 30:36 | Build | Farm |
| 30:37 | Build | Farm |
| 30:37 | Build | Farm |
| 30:38 | Build | Farm |
| 30:39 | Build | Farm |
| 30:50 | Build | Farm |
| 30:52 | Build | Farm |
Build order — Minmaj
First 150 of 339 actions detected
| 0:00 | Create | Villager (Male) |
| 0:01 | Create | Villager (Male) |
| 0:02 | Build | House |
| 0:04 | Build | House |
| 0:28 | Create | Villager (Male) |
| 0:48 | Create | Villager (Male) |
| 1:38 | Create | Villager (Male) |
| 1:58 | Build | Lumber Camp |
| 2:01 | Create | Villager (Male) |
| 2:01 | Create | Villager (Male) |
| 2:28 | Create | Villager (Male) |
| 2:55 | Create | Villager (Male) |
| 3:08 | Create | Villager (Male) |
| 3:40 | Create | Villager (Male) |
| 3:44 | Build | House |
| 4:08 | Create | Villager (Male) |
| 4:35 | Create | Villager (Male) |
| 4:36 | Create | Villager (Male) |
| 4:39 | Build | Mill |
| 5:17 | Create | Villager (Male) |
| 5:41 | Create | Villager (Male) |
| 5:52 | Build | House |
| 5:55 | Create | Villager (Male) |
| 5:56 | Create | Villager (Male) |
| 6:18 | Create | Villager (Male) |
| 6:37 | Research | Loom |
| 6:59 | Build | Lumber Camp |
| 7:07 | Create | Villager (Male) |
| 7:46 | Build | House |
| 7:49 | Create | Villager (Male) |
| 7:58 | Research | Feudal Age |
| 7:58 | Research | Feudal Age |
| 8:20 | Build | Mining Camp |
| 9:14 | Build | Barracks |
| 9:28 | Build | Farm |
| 9:37 | Create | Villager (Male) |
| 10:08 | Age | Feudal Age |
| 10:10 | Build | Archery Range |
| 10:34 | Create | Villager (Male) |
| 10:35 | Create | Villager (Male) |
| 10:36 | Create | Villager (Male) |
| 10:47 | Build | Archery Range |
| 10:48 | Create | Villager (Male) |
| 11:12 | Create | Skirmisher |
| 11:12 | Create | Skirmisher |
| 11:13 | Create | Archer |
| 11:18 | Create | Archer |
| 11:33 | Create | Villager (Male) |
| 11:38 | Build | House |
| 12:01 | Build | Farm |
| 12:08 | Create | Archer |
| 12:19 | Build | Farm |
| 12:29 | Create | Archer |
| 12:31 | Build | House |
| 12:32 | Create | Archer |
| 12:43 | Build | Blacksmith |
| 12:52 | Create | Archer |
| 13:11 | Create | Villager (Male) |
| 13:11 | Create | Villager (Male) |
| 13:16 | Build | Farm |
| 13:19 | Build | Farm |
| 13:31 | Create | Villager (Male) |
| 13:44 | Create | Archer |
| 13:45 | Create | Archer |
| 13:55 | Create | Villager (Male) |
| 13:57 | Build | Farm |
| 14:03 | Build | House |
| 14:22 | Create | Villager (Male) |
| 14:38 | Research | Fletching |
| 14:43 | Build | Farm |
| 14:44 | Create | Villager (Male) |
| 14:46 | Build | Farm |
| 14:51 | Build | Farm |
| 14:54 | Build | Farm |
| 14:59 | Create | Spearman |
| 14:59 | Create | Spearman |
| 15:25 | Build | Farm |
| 15:27 | Build | Farm |
| 15:31 | Create | Spearman |
| 15:57 | Create | Spearman |
| 16:04 | Create | Villager (Male) |
| 16:10 | Build | Farm |
| 16:41 | Create | Archer |
| 16:42 | Create | Archer |
| 16:43 | Create | Archer |
| 17:05 | Create | Villager (Male) |
| 17:07 | Create | Villager (Male) |
| 17:42 | Build | Palisade Wall |
| 17:57 | Create | Villager (Male) |
| 17:58 | Create | Villager (Male) |
| 17:58 | Create | Villager (Male) |
| 17:59 | Create | Villager (Male) |
| 18:00 | Build | House |
| 18:03 | Build | House |
| 18:53 | Research | Castle Age |
| 19:35 | Research | Padded Archer Armor |
| 19:36 | Research | Scale Mail Armor |
| 19:52 | Build | Palisade Wall |
| 19:54 | Build | Palisade Wall |
| 19:56 | Build | Palisade Wall |
| 19:58 | Build | Palisade Wall |
| 20:01 | Build | Palisade Wall |
| 20:03 | Build | Palisade Wall |
| 20:05 | Build | Palisade Wall |
| 20:48 | Create | Archer ×3 |
| 20:48 | Create | Archer ×3 |
| 21:46 | Create | Villager (Male) |
| 21:52 | Age | Castle Age |
| 21:58 | Research | Thumb Ring |
| 22:13 | Create | Villager (Male) |
| 22:19 | Build | Town Center |
| 22:27 | Research | Double-Bit Axe |
| 22:33 | Research | Horse Collar |
| 22:38 | Research | Crossbowman (upgrade) |
| 22:38 | Research | Crossbowman (upgrade) |
| 23:00 | Create | Villager (Male) |
| 23:01 | Create | Villager (Male) |
| 23:02 | Create | Villager (Male) |
| 23:03 | Create | Villager (Male) |
| 23:04 | Create | Villager (Male) |
| 23:05 | Create | Villager (Male) |
| 23:33 | Create | Villager (Male) |
| 23:46 | Create | Villager (Male) |
| 23:47 | Create | Villager (Male) |
| 23:47 | Create | Villager (Male) |
| 24:24 | Create | Villager (Male) |
| 24:34 | Create | Archer ×4 |
| 24:34 | Create | Archer ×4 |
| 24:54 | Create | Villager (Male) |
| 24:57 | Build | House |
| 25:01 | Build | House |
| 25:46 | Create | Villager (Male) |
| 25:47 | Create | Villager (Male) |
| 25:47 | Create | Villager (Male) |
| 25:47 | Create | Villager (Male) |
| 25:47 | Create | Villager (Male) |
| 25:48 | Create | Villager (Male) |
| 25:49 | Build | House |
| 25:53 | Build | Mining Camp |
| 26:02 | Research | Gold Mining |
| 26:04 | Research | Heavy Plow |
| 26:05 | Research | Bow Saw |
| 26:13 | Create | Villager (Male) |
| 26:14 | Create | Villager (Male) |
| 26:21 | Build | University |
| 26:35 | Create | Archer ×5 |
| 26:35 | Create | Archer ×5 |
| 27:14 | Create | Villager (Male) |
| 27:15 | Create | Villager (Male) |
| 27:22 | Create | Villager (Male) |
Build order — ThePiper
First 150 of 303 actions detected
| 0:00 | Create | Villager (Male) |
| 0:01 | Create | Villager (Male) |
| 0:02 | Build | House |
| 0:04 | Build | House |
| 0:05 | Create | Villager (Male) |
| 0:08 | Create | Villager (Male) |
| 1:24 | Create | Villager (Male) |
| 1:52 | Build | Lumber Camp |
| 1:53 | Create | Villager (Male) |
| 2:22 | Create | Villager (Male) |
| 2:57 | Create | Villager (Male) |
| 3:00 | Create | Villager (Male) |
| 3:30 | Build | House |
| 3:45 | Create | Villager (Male) |
| 3:59 | Create | Villager (Male) |
| 4:19 | Build | House |
| 4:22 | Build | Mill |
| 4:59 | Create | Villager (Male) |
| 5:15 | Create | Villager (Male) |
| 5:34 | Create | Villager (Male) |
| 5:47 | Create | Villager (Male) |
| 5:50 | Create | Villager (Male) |
| 6:15 | Create | Villager (Male) |
| 6:32 | Create | Villager (Male) |
| 6:44 | Create | Villager (Male) |
| 7:04 | Research | Loom |
| 7:45 | Research | Feudal Age |
| 8:01 | Build | Lumber Camp |
| 8:14 | Build | Mining Camp |
| 8:18 | Create | Villager (Male) |
| 8:22 | Create | Villager (Male) |
| 9:59 | Build | Barracks |
| 10:04 | Age | Feudal Age |
| 10:11 | Create | Villager (Male) |
| 10:34 | Research | Double-Bit Axe |
| 10:43 | Build | Archery Range |
| 10:54 | Create | Villager (Male) |
| 11:12 | Build | Farm |
| 11:17 | Create | Villager (Male) |
| 11:22 | Build | Archery Range |
| 11:27 | Build | House |
| 11:32 | Create | Archer |
| 11:32 | Create | Archer |
| 11:39 | Create | Villager (Male) |
| 11:52 | Build | House |
| 11:53 | Build | House |
| 11:55 | Create | Villager (Male) |
| 11:59 | Build | Farm |
| 12:12 | Create | Archer |
| 12:14 | Create | Villager (Male) |
| 12:18 | Create | Archer |
| 12:18 | Create | Villager (Male) |
| 12:39 | Create | Villager (Male) |
| 12:49 | Build | House |
| 12:55 | Create | Villager (Male) |
| 12:56 | Create | Archer |
| 12:56 | Create | Archer |
| 13:04 | Build | Farm |
| 13:07 | Build | Farm |
| 13:13 | Build | Farm |
| 13:17 | Create | Archer |
| 13:28 | Build | House |
| 13:32 | Create | Archer |
| 13:32 | Create | Archer |
| 13:33 | Create | Villager (Male) |
| 13:51 | Create | Archer |
| 13:56 | Build | Blacksmith |
| 14:02 | Build | House |
| 14:04 | Create | Villager (Male) |
| 14:44 | Create | Villager (Male) |
| 14:45 | Create | Archer |
| 15:01 | Create | Archer |
| 15:05 | Create | Villager (Male) |
| 15:12 | Create | Villager (Male) |
| 15:12 | Create | Villager (Male) |
| 15:14 | Create | Archer |
| 15:34 | Build | House |
| 15:48 | Build | House |
| 15:53 | Build | Farm |
| 15:53 | Create | Archer |
| 15:54 | Create | Villager (Male) |
| 16:01 | Research | Fletching |
| 16:32 | Create | Archer |
| 16:33 | Create | Villager (Male) |
| 16:38 | Create | Villager (Male) |
| 16:40 | Create | Villager (Male) |
| 16:42 | Build | Farm |
| 16:42 | Build | Farm |
| 16:42 | Build | Farm |
| 16:42 | Build | Farm |
| 16:47 | Create | Villager (Male) |
| 17:15 | Build | House |
| 17:18 | Build | House |
| 17:25 | Create | Archer |
| 17:25 | Create | Archer |
| 17:26 | Create | Villager (Male) |
| 17:26 | Create | Villager (Male) |
| 17:34 | Build | Farm |
| 17:46 | Create | Archer |
| 17:46 | Create | Archer |
| 17:47 | Create | Villager (Male) |
| 17:58 | Build | Farm |
| 18:10 | Create | Archer |
| 18:10 | Create | Archer |
| 18:10 | Create | Villager (Male) |
| 19:03 | Create | Archer |
| 19:04 | Create | Archer |
| 19:04 | Create | Villager (Male) |
| 19:10 | Research | Padded Archer Armor |
| 19:11 | Create | Villager (Male) |
| 19:11 | Create | Villager (Male) |
| 19:24 | Create | Villager (Male) |
| 20:12 | Create | Archer |
| 20:13 | Create | Archer |
| 20:13 | Create | Villager (Male) |
| 20:31 | Create | Villager (Male) |
| 20:32 | Create | Archer |
| 20:32 | Create | Archer |
| 20:33 | Create | Villager (Male) |
| 20:36 | Build | Farm |
| 20:36 | Build | Farm |
| 20:37 | Build | Farm |
| 20:37 | Build | Farm |
| 20:37 | Build | Farm |
| 20:39 | Create | Villager (Male) |
| 21:03 | Create | Villager (Male) |
| 21:17 | Create | Archer |
| 21:18 | Create | Archer |
| 21:22 | Build | Farm |
| 21:22 | Build | Farm |
| 21:22 | Build | Farm |
| 21:22 | Build | Farm |
| 21:54 | Create | Archer |
| 21:54 | Create | Archer |
| 21:55 | Create | Villager (Male) |
| 22:04 | Create | Archer |
| 22:05 | Create | Archer |
| 22:06 | Create | Villager (Male) |
| 22:11 | Build | House |
| 22:13 | Build | House |
| 22:14 | Build | House |
| 22:15 | Build | House |
| 23:06 | Create | Archer |
| 23:07 | Create | Archer |
| 23:08 | Create | Villager (Male) |
| 23:25 | Build | Market |
| 24:12 | Create | Archer |
| 24:12 | Create | Archer |
| 24:13 | Create | Archer |
| 24:16 | Build | House |
Build order — Anne d'autriche
First 150 of 151 actions detected
| 0:02 | Create | Villager (Male) ×4 |
| 0:06 | Build | House |
| 0:27 | Build | House |
| 0:29 | Build | House |
| 0:31 | Build | House |
| 0:35 | Build | Lumber Camp |
| 2:55 | Create | Villager (Male) ×3 |
| 3:23 | Create | Villager (Male) |
| 3:48 | Create | Villager (Male) |
| 4:16 | Create | Villager (Male) |
| 5:12 | Create | Villager (Male) |
| 5:12 | Create | Villager (Male) |
| 5:24 | Build | Mill |
| 5:51 | Create | Villager (Male) |
| 5:51 | Create | Villager (Male) |
| 5:52 | Create | Villager (Male) |
| 6:42 | Create | Villager (Male) |
| 6:42 | Create | Villager (Male) |
| 7:25 | Create | Villager (Male) |
| 7:25 | Create | Villager (Male) |
| 8:20 | Create | Villager (Male) |
| 8:56 | Research | Feudal Age |
| 8:57 | Research | Loom |
| 10:34 | Build | Mining Camp |
| 11:06 | Age | Feudal Age |
| 11:15 | Build | Farm |
| 11:15 | Build | Farm |
| 11:16 | Build | Farm |
| 11:16 | Build | Farm |
| 11:16 | Build | Farm |
| 11:17 | Build | Farm |
| 11:17 | Build | Farm |
| 11:17 | Build | Farm |
| 11:18 | Build | Farm |
| 11:18 | Build | Farm |
| 11:18 | Build | Farm |
| 11:20 | Build | Farm |
| 11:29 | Create | Villager (Male) ×5 |
| 11:37 | Research | Double-Bit Axe |
| 11:39 | Research | Horse Collar |
| 12:26 | Research | Gold Mining |
| 13:05 | Research | Wheelbarrow |
| 13:50 | Build | Watch Tower |
| 13:53 | Create | Villager (Male) |
| 13:54 | Create | Villager (Male) |
| 13:54 | Create | Villager (Male) |
| 14:49 | Build | Barracks |
| 15:01 | Build | House |
| 15:06 | Build | House |
| 15:54 | Create | Spearman |
| 16:04 | Create | Spearman |
| 16:08 | Create | Villager (Male) |
| 16:08 | Create | Villager (Male) |
| 16:51 | Create | Spearman |
| 17:16 | Build | Market |
| 17:19 | Create | Villager (Male) |
| 17:19 | Create | Villager (Male) |
| 17:24 | Create | Spearman |
| 18:27 | Build | Watch Tower |
| 18:45 | Create | Villager (Male) |
| 18:48 | Create | Villager (Male) ×3 |
| 19:15 | Build | Lumber Camp |
| 19:19 | Create | Spearman |
| 19:36 | Build | House |
| 20:38 | Create | Spearman |
| 21:28 | Build | Farm |
| 21:56 | Build | Lumber Camp |
| 22:17 | Build | Mill |
| 23:03 | Build | Farm |
| 23:04 | Build | Farm |
| 23:04 | Build | Farm |
| 23:04 | Build | Farm |
| 23:08 | Build | Farm |
| 23:22 | Create | Villager (Male) |
| 23:35 | Build | Watch Tower |
| 24:51 | Create | Villager (Male) |
| 24:51 | Create | Villager (Male) |
| 24:51 | Create | Villager (Male) |
| 24:52 | Create | Villager (Male) |
| 25:04 | Build | Farm |
| 25:45 | Build | Farm |
| 25:47 | Build | Farm |
| 25:52 | Build | Farm |
| 26:17 | Build | House |
| 26:18 | Build | House |
| 26:18 | Build | House |
| 26:18 | Build | House |
| 26:19 | Build | House |
| 26:24 | Create | Spearman ×3 |
| 27:15 | Create | Villager (Male) |
| 27:15 | Create | Villager (Male) |
| 28:21 | Research | Stone Mining |
| 29:11 | Create | Villager (Male) |
| 29:11 | Create | Villager (Male) |
| 29:12 | Create | Villager (Male) |
| 29:29 | Build | Lumber Camp |
| 30:17 | Create | Villager (Male) |
| 30:17 | Create | Villager (Male) |
| 30:56 | Build | Watch Tower |
| 31:02 | Build | Blacksmith |
| 33:00 | Build | Town Center |
| 35:26 | Build | Mining Camp |
| 35:35 | Build | Farm |
| 35:36 | Build | Farm |
| 35:36 | Build | Farm |
| 35:36 | Build | Farm |
| 35:37 | Build | Farm |
| 35:37 | Build | Farm |
| 35:37 | Build | Farm |
| 35:38 | Build | Farm |
| 36:11 | Create | Villager (Male) ×5 |
| 36:48 | Build | Mill |
| 36:51 | Build | Farm |
| 36:52 | Build | Farm |
| 36:52 | Build | Farm |
| 36:52 | Build | Farm |
| 36:53 | Build | Farm |
| 36:53 | Build | Farm |
| 36:53 | Build | Farm |
| 36:54 | Build | Farm |
| 36:54 | Build | Farm |
| 36:54 | Build | Farm |
| 36:55 | Build | Farm |
| 36:55 | Build | Farm |
| 36:55 | Build | Farm |
| 36:56 | Build | Farm |
| 36:56 | Build | Farm |
| 36:56 | Build | Farm |
| 36:57 | Build | Farm |
| 36:57 | Build | Farm |
| 37:03 | Create | Villager (Male) ×4 |
| 37:19 | Build | House |
| 37:20 | Build | House |
| 37:21 | Build | House |
| 38:03 | Build | House |
| 38:04 | Build | House |
| 38:05 | Build | House |
| 39:10 | Build | Mining Camp |
| 39:20 | Build | House |
| 39:21 | Build | House |
| 39:22 | Build | House |
| 39:24 | Build | House |
| 39:25 | Build | House |
| 40:42 | Build | Market |
| 40:49 | Research | Castle Age |
| 42:32 | Create | Villager (Male) ×5 |
| 43:31 | Age | Castle Age |
| 43:35 | Build | Castle |
| 43:47 | Research | Heavy Plow |
| 43:54 | Research | Bow Saw |
Build order — Arminius
First 150 of 345 actions detected
| 0:00 | Create | Villager (Male) |
| 0:01 | Create | Villager (Male) |
| 0:01 | Create | Villager (Male) |
| 0:01 | Create | Villager (Male) |
| 0:03 | Build | House |
| 0:07 | Build | House |
| 0:46 | Build | House |
| 0:57 | Build | House |
| 1:26 | Build | House |
| 1:37 | Create | Villager (Male) |
| 1:37 | Create | Villager (Male) |
| 2:03 | Build | Palisade Wall |
| 2:05 | Build | Palisade Wall |
| 2:06 | Create | Villager (Male) |
| 2:42 | Build | House |
| 3:01 | Create | Villager (Male) |
| 3:01 | Create | Villager (Male) |
| 3:01 | Create | Villager (Male) |
| 3:17 | Create | Villager (Male) |
| 3:17 | Create | Villager (Male) |
| 3:54 | Build | Lumber Camp |
| 4:22 | Create | Villager (Male) |
| 4:22 | Create | Villager (Male) |
| 4:22 | Create | Villager (Male) |
| 4:52 | Create | Villager (Male) |
| 4:52 | Create | Villager (Male) |
| 5:17 | Create | Villager (Male) |
| 5:17 | Create | Villager (Male) |
| 5:17 | Create | Villager (Male) |
| 5:51 | Create | Villager (Male) |
| 5:51 | Create | Villager (Male) |
| 6:35 | Create | Villager (Male) |
| 7:00 | Build | Barracks |
| 7:02 | Build | Palisade Wall |
| 7:03 | Build | Palisade Wall |
| 7:10 | Create | Villager (Male) |
| 8:00 | Create | Villager (Male) |
| 8:15 | Research | Feudal Age |
| 8:30 | Build | Mining Camp |
| 8:38 | Build | House |
| 8:41 | Build | Palisade Wall |
| 8:42 | Build | Palisade Gate |
| 9:42 | Build | Mill |
| 10:13 | Build | Palisade Wall |
| 10:35 | Age | Feudal Age |
| 10:38 | Build | Barracks |
| 10:41 | Create | Eagle Scout |
| 10:55 | Create | Eagle Scout |
| 11:03 | Build | House |
| 11:04 | Build | Palisade Wall |
| 11:18 | Create | Spearman |
| 11:46 | Create | Eagle Scout |
| 11:46 | Create | Eagle Scout |
| 11:46 | Create | Eagle Scout |
| 11:46 | Create | Eagle Scout |
| 11:53 | Build | Blacksmith |
| 12:02 | Create | Villager (Male) |
| 12:06 | Create | Villager (Male) |
| 12:08 | Research | Loom |
| 12:20 | Build | House |
| 12:25 | Create | Villager (Male) |
| 12:36 | Build | Farm |
| 12:38 | Create | Villager (Male) |
| 12:46 | Create | Eagle Scout |
| 12:52 | Research | Scale Mail Armor |
| 12:52 | Research | Scale Mail Armor |
| 12:56 | Create | Villager (Male) |
| 12:57 | Create | Villager (Male) |
| 13:04 | Research | Forging |
| 13:15 | Create | Spearman |
| 13:41 | Create | Eagle Scout |
| 14:30 | Create | Eagle Scout |
| 14:30 | Create | Eagle Scout |
| 15:02 | Research | Double-Bit Axe |
| 15:03 | Research | Horse Collar |
| 15:07 | Build | Market |
| 15:12 | Create | Eagle Scout |
| 15:38 | Build | Barracks |
| 15:42 | Create | Eagle Scout |
| 15:42 | Create | Eagle Scout |
| 16:32 | Build | Farm |
| 16:33 | Build | Farm |
| 16:34 | Build | Farm |
| 16:38 | Build | Palisade Wall |
| 16:45 | Create | Eagle Scout |
| 16:53 | Build | Farm |
| 17:13 | Create | Villager (Male) |
| 17:13 | Create | Villager (Male) |
| 17:13 | Create | Villager (Male) |
| 17:18 | Build | Farm |
| 17:33 | Build | Farm |
| 17:41 | Create | Eagle Scout |
| 17:41 | Create | Eagle Scout |
| 17:46 | Build | Farm |
| 17:53 | Create | Eagle Scout |
| 17:54 | Create | Eagle Scout |
| 17:59 | Create | Eagle Scout |
| 18:48 | Research | Castle Age |
| 18:50 | Build | Farm |
| 18:56 | Create | Eagle Scout |
| 18:56 | Create | Eagle Scout |
| 19:14 | Create | Eagle Scout |
| 19:14 | Create | Eagle Scout |
| 19:34 | Create | Eagle Scout |
| 20:02 | Create | Eagle Scout |
| 20:03 | Create | Eagle Scout |
| 20:19 | Build | Mining Camp |
| 20:31 | Create | Eagle Scout |
| 20:31 | Create | Eagle Scout |
| 20:35 | Build | Farm |
| 20:38 | Build | Farm |
| 20:53 | Build | Farm |
| 21:17 | Build | Lumber Camp |
| 21:28 | Age | Castle Age |
| 21:30 | Research | Eagle Warrior (upgrade) |
| 21:57 | Create | Eagle Scout |
| 21:58 | Create | Eagle Scout |
| 22:36 | Create | Eagle Scout |
| 22:36 | Create | Eagle Scout |
| 22:40 | Create | Eagle Scout |
| 22:40 | Create | Eagle Scout |
| 22:57 | Create | Eagle Scout |
| 22:57 | Create | Eagle Scout |
| 23:27 | Create | Eagle Scout |
| 23:27 | Create | Eagle Scout |
| 23:30 | Build | Farm |
| 23:32 | Build | Farm |
| 23:49 | Create | Eagle Scout |
| 24:02 | Create | Villager (Male) |
| 24:02 | Create | Villager (Male) |
| 24:02 | Create | Villager (Male) |
| 24:07 | Create | Eagle Scout |
| 24:07 | Create | Eagle Scout |
| 24:24 | Create | Eagle Scout |
| 24:31 | Create | Villager (Male) |
| 24:31 | Create | Villager (Male) |
| 24:31 | Create | Villager (Male) |
| 24:56 | Create | Eagle Scout |
| 25:29 | Create | Eagle Scout |
| 25:30 | Create | Eagle Scout |
| 25:30 | Create | Eagle Scout |
| 25:30 | Create | Eagle Scout |
| 25:30 | Create | Eagle Scout |
| 25:30 | Create | Eagle Scout |
| 25:31 | Create | Eagle Scout |
| 25:40 | Create | Eagle Scout |
| 25:41 | Create | Eagle Scout |
| 25:48 | Create | Villager (Male) |
| 25:49 | Create | Villager (Male) |
| 25:49 | Create | Villager (Male) |
Build order — Lamy's Back
First 150 of 408 actions detected
| 0:01 | Create | Villager (Male) |
| 0:01 | Create | Villager (Male) |
| 0:02 | Build | House |
| 0:04 | Build | House |
| 0:17 | Create | Villager (Male) |
| 0:17 | Create | Villager (Male) |
| 1:25 | Create | Villager (Male) |
| 1:49 | Build | Lumber Camp |
| 1:58 | Create | Villager (Male) |
| 2:34 | Create | Villager (Male) |
| 2:48 | Create | Villager (Male) |
| 2:57 | Create | Villager (Male) |
| 3:42 | Create | Villager (Male) |
| 3:49 | Build | House |
| 4:45 | Create | Villager (Male) |
| 4:45 | Create | Villager (Male) |
| 4:45 | Create | Villager (Male) |
| 5:10 | Build | Mill |
| 5:46 | Create | Villager (Male) |
| 6:07 | Build | House |
| 6:20 | Create | Villager (Male) |
| 6:20 | Create | Villager (Male) |
| 6:31 | Create | Villager (Male) |
| 7:05 | Build | Mill |
| 7:28 | Create | Villager (Male) |
| 7:49 | Build | Palisade Wall |
| 8:23 | Create | Villager (Male) |
| 8:24 | Create | Villager (Male) |
| 8:46 | Build | House |
| 8:48 | Build | House |
| 8:50 | Create | Villager (Male) |
| 9:27 | Create | Villager (Male) |
| 9:47 | Research | Feudal Age |
| 9:54 | Build | Mining Camp |
| 10:23 | Research | Loom |
| 10:55 | Build | House |
| 10:55 | Build | House |
| 11:10 | Build | Barracks |
| 11:23 | Build | Mining Camp |
| 11:41 | Build | Farm |
| 12:13 | Age | Feudal Age |
| 12:16 | Build | Farm |
| 12:18 | Create | Villager (Male) |
| 12:21 | Create | Villager (Male) |
| 12:31 | Build | Lumber Camp |
| 12:36 | Create | Villager (Male) |
| 12:39 | Research | Double-Bit Axe |
| 12:46 | Build | Stone Wall |
| 13:26 | Build | Archery Range |
| 13:29 | Create | Villager (Male) |
| 13:37 | Create | Villager (Male) |
| 13:37 | Create | Villager (Male) |
| 13:45 | Create | Spearman |
| 14:42 | Create | Archer |
| 14:42 | Create | Archer |
| 14:42 | Create | Archer |
| 14:45 | Create | Villager (Male) |
| 14:45 | Create | Villager (Male) |
| 14:53 | Build | Gate |
| 14:54 | Build | Blacksmith |
| 15:01 | Create | Villager (Male) |
| 15:02 | Create | Villager (Male) |
| 15:02 | Create | Villager (Male) |
| 15:05 | Research | Horse Collar |
| 15:18 | Build | Farm |
| 15:18 | Build | Farm |
| 15:21 | Build | Farm |
| 15:29 | Build | Farm |
| 15:32 | Create | Villager (Male) |
| 15:39 | Build | Lumber Camp |
| 15:58 | Create | Archer |
| 16:01 | Research | Fletching |
| 16:06 | Build | House |
| 16:06 | Build | House |
| 16:07 | Build | House |
| 16:13 | Build | Stone Wall |
| 16:19 | Create | Villager (Male) |
| 16:28 | Build | Farm |
| 16:33 | Create | Archer |
| 16:50 | Build | Mill |
| 16:53 | Create | Archer |
| 16:53 | Create | Archer |
| 16:54 | Create | Spearman |
| 17:01 | Research | Padded Archer Armor |
| 18:14 | Create | Archer |
| 18:14 | Create | Archer |
| 18:53 | Create | Archer |
| 18:54 | Create | Archer |
| 18:55 | Create | Villager (Male) |
| 18:55 | Create | Villager (Male) |
| 18:55 | Create | Villager (Male) |
| 18:57 | Create | Villager (Male) |
| 18:57 | Create | Villager (Male) |
| 19:01 | Build | Farm |
| 19:01 | Build | Farm |
| 19:02 | Build | Farm |
| 19:02 | Build | Farm |
| 19:06 | Build | Farm |
| 19:06 | Build | Farm |
| 19:06 | Build | Farm |
| 19:06 | Build | Farm |
| 19:07 | Create | Villager (Male) |
| 19:09 | Create | Archer |
| 19:09 | Create | Archer |
| 19:09 | Create | Archer |
| 19:42 | Research | Gold Mining |
| 19:52 | Build | Stable |
| 19:53 | Build | Archery Range |
| 20:09 | Create | Archer |
| 20:10 | Create | Archer |
| 20:57 | Create | Archer |
| 20:57 | Create | Archer |
| 20:57 | Create | Archer |
| 20:58 | Create | Villager (Male) |
| 20:58 | Create | Villager (Male) |
| 21:02 | Build | Farm |
| 21:07 | Build | Farm |
| 21:41 | Create | Archer |
| 21:41 | Create | Archer |
| 21:42 | Create | Archer |
| 21:43 | Create | Villager (Male) |
| 21:43 | Create | Villager (Male) |
| 21:45 | Create | Villager (Male) |
| 22:39 | Build | House |
| 22:45 | Build | House |
| 22:49 | Build | House |
| 22:53 | Build | House |
| 22:54 | Build | House |
| 23:01 | Research | Castle Age |
| 23:06 | Create | Archer |
| 23:06 | Create | Archer |
| 23:18 | Create | Scout Cavalry |
| 24:43 | Build | Watch Tower |
| 24:53 | Build | Watch Tower |
| 25:05 | Create | Archer |
| 25:05 | Create | Archer |
| 25:05 | Create | Archer |
| 25:06 | Create | Scout Cavalry |
| 25:06 | Create | Scout Cavalry |
| 25:07 | Research | Bloodlines |
| 25:10 | Research | Scale Barding Armor |
| 25:32 | Create | Archer |
| 25:32 | Create | Archer |
| 25:32 | Create | Archer |
| 25:45 | Age | Castle Age |
| 25:47 | Research | Bodkin Arrow |
| 25:59 | Build | University |
| 26:09 | Research | Light Cavalry (upgrade) |
| 26:11 | Research | Forging |
| 26:14 | Research | Crossbowman (upgrade) |
Match timeline
| 2:03 | Arminius · wall_segment Palisade Wall x1 |
| 2:05 | Arminius · wall_segment Palisade Wall x1 |
| 7:00 | Arminius · first_building Barracks |
| 7:02 | Arminius · wall_segment Palisade Wall x1 |
| 7:03 | Arminius · wall_segment Palisade Wall x4 |
| 7:43 | Hinbin · first_building Barracks |
| 7:49 | Lamy's Back · wall_segment Palisade Wall x10 |
| 8:41 | Arminius · wall_segment Palisade Wall x4 |
| 8:43 | Hinbin · age_up feudal |
| 8:50 | Hinbin · first_building Stable |
| 9:14 | Minmaj · first_building Barracks |
| 9:59 | ThePiper · first_building Barracks |
| 10:04 | ThePiper · age_up feudal |
| 10:08 | Minmaj · age_up feudal |
| 10:10 | Minmaj · first_building Archery Range |
| 10:13 | Arminius · wall_segment Palisade Wall x1 |
| 10:35 | Arminius · age_up feudal |
| 10:43 | ThePiper · first_building Archery Range |
| 11:04 | Arminius · wall_segment Palisade Wall x3 |
| 11:06 | Anne d'autriche · age_up feudal |
| 11:10 | Lamy's Back · first_building Barracks |
| 12:13 | Lamy's Back · age_up feudal |
| 12:46 | Lamy's Back · wall_segment Stone Wall x9 |
| 13:26 | Lamy's Back · first_building Archery Range |
| 14:49 | Anne d'autriche · first_building Barracks |
| 16:13 | Lamy's Back · wall_segment Stone Wall x1 |
| 16:38 | Arminius · wall_segment Palisade Wall x1 |
| 17:42 | Minmaj · wall_segment Palisade Wall x1 |
| 17:48 | Arminius · first_market_buy 100 food |
| 18:19 | Anne d'autriche · first_market_buy 100 stone |
| 18:43 | Anne d'autriche · tribute_sent a jugador 1 |
| 18:43 | Anne d'autriche · tribute_sent a jugador 2 |
| 18:43 | Anne d'autriche · tribute_sent a jugador 4 |
| 18:43 | Anne d'autriche · tribute_sent a jugador 5 |
| 18:43 | Anne d'autriche · tribute_sent a jugador 6 |
| 18:47 | Arminius · first_market_sell 100 wood |
| 19:52 | Minmaj · wall_segment Palisade Wall x1 |
| 19:52 | Lamy's Back · first_building Stable |
| 19:54 | Minmaj · wall_segment Palisade Wall x1 |
| 19:56 | Minmaj · wall_segment Palisade Wall x1 |
| 19:58 | Minmaj · wall_segment Palisade Wall x1 |
| 20:01 | Minmaj · wall_segment Palisade Wall x1 |
| 20:03 | Minmaj · wall_segment Palisade Wall x1 |
| 20:05 | Minmaj · wall_segment Palisade Wall x1 |
| 21:28 | Arminius · age_up castle |
| 21:52 | Minmaj · age_up castle |
| 22:27 | Hinbin · age_up castle |
| 22:52 | Anne d'autriche · tribute_sent a jugador 1 |
| 22:52 | Anne d'autriche · tribute_sent a jugador 2 |
| 22:52 | Anne d'autriche · tribute_sent a jugador 4 |
| 22:52 | Anne d'autriche · tribute_sent a jugador 5 |
| 22:52 | Anne d'autriche · tribute_sent a jugador 6 |
| 23:20 | Hinbin · first_building Monastery |
| 25:00 | Anne d'autriche · tribute_sent a jugador 1 |
| 25:00 | Anne d'autriche · tribute_sent a jugador 2 |
| 25:00 | Anne d'autriche · tribute_sent a jugador 4 |
| 25:00 | Anne d'autriche · tribute_sent a jugador 5 |
| 25:00 | Anne d'autriche · tribute_sent a jugador 6 |
| 25:45 | Lamy's Back · age_up castle |
| 27:37 | Anne d'autriche · tribute_sent a jugador 1 |
| 27:37 | Anne d'autriche · tribute_sent a jugador 2 |
| 27:37 | Anne d'autriche · tribute_sent a jugador 4 |
| 27:37 | Anne d'autriche · tribute_sent a jugador 5 |
| 27:38 | Anne d'autriche · tribute_sent a jugador 6 |
| 27:39 | ThePiper · age_up castle |
| 28:25 | Arminius · first_building Siege Workshop |
| 29:26 | Lamy's Back · first_building Siege Workshop |
| 30:29 | Lamy's Back · first_building Castle |
| 31:13 | Minmaj · first_building Monastery |
| 31:57 | Anne d'autriche · tribute_sent a jugador 1 |
| 31:57 | Anne d'autriche · tribute_sent a jugador 2 |
| 31:57 | Anne d'autriche · tribute_sent a jugador 4 |
| 31:57 | Anne d'autriche · tribute_sent a jugador 5 |
| 31:57 | Anne d'autriche · tribute_sent a jugador 6 |
| 34:25 | Anne d'autriche · first_market_sell 100 wood |
| 34:49 | Hinbin · first_building Castle |
| 34:55 | Minmaj · first_building Castle |
| 37:03 | Lamy's Back · first_building Monastery |
| 38:05 | Minmaj · first_building Siege Workshop |
| 39:08 | Minmaj · age_up imperial |
| 39:19 | ThePiper · first_building Castle |
| 40:23 | Hinbin · age_up imperial |
| 43:31 | Anne d'autriche · age_up castle |
| 43:35 | Anne d'autriche · first_building Castle |
| 45:40 | Anne d'autriche · tribute_sent a jugador 1 |
| 45:40 | Anne d'autriche · tribute_sent a jugador 2 |
| 45:40 | Anne d'autriche · tribute_sent a jugador 4 |
| 45:40 | Anne d'autriche · tribute_sent a jugador 5 |
| 45:40 | Anne d'autriche · tribute_sent a jugador 6 |
| 46:36 | ThePiper · first_building Siege Workshop |
| 46:40 | Anne d'autriche · resign |
[ AI ANALYSIS · 1 CREDIT ]
What really happened in this match?
Wolo.gg analyzes every decision: build order, eco, micro, common mistakes by bracket. Personalized analysis on WhatsApp or Discord in 30 seconds.
Civ guide
Lithuanians
Perfil
Jugador #2742016